 Dungeon Sprint DCSS version 0.20-a0-1126-g0f15420 (webtiles) character file.

287298 potatolord6000 the Conqueror (level 18, -14/182 HPs)
             Began as a Demonspawn Gladiator on May 16, 2017.
             Was an Initiate of Gozag.
             Demolished by a death cob (16 damage)
             ... in the Dungeon (Sprint IX: "|||||||||||||||||||||||||||||") on May 17, 2017.
             The game lasted 00:30:14 (7328 turns).

potatolord6000 the Conqueror (Demonspawn Gladiator) Turns: 7328, Time: 00:30:15

Health: -14/182    AC: 39    Str: 43    XL:     18   Next: 32%
Magic:  36/36      EV: 33    Int: 19    God:    Gozag
Gold:   2664       SH:  0    Dex: 14    Spells: 17/17 levels left

rFire    + + +     SeeInvis +   C - +3 quarterstaff "Xarea" {venom, +Blink rElec rC+}
rCold    + . .     Gourm    .   (shield currently unavailable)
rNeg     + . .     Faith    .   f - +3 chain mail "Nuagges" {rC+ rN+}
rPois    +         Spirit   .   (helmet unavailable)
rElec    +         Reflect  .   B - scarf of the Comet {Str+3}
rCorr    .         Harm     .   p - +2 pair of gloves {Str+3}
MR       +....     NoTele   +   g - +2 pair of boots {Stlth+}
Stlth    ..........             I - amulet of Insomnia {RegenMP rC+ MP+9 Str+6 Int+3}
Regen    0.4/turn               x - ring of the Middle {rPois rF+++ rC- EV+6 Int+4}
MPRegen  0.4/turn               y - ring "Melot" {Fire MP+9 Str+10 Dex-2 SInv}

@: sanguine armour, slowed, very slow
A: horns 3, clever 1, fire resistance 1, poison resistance, powered by death 1,
shaggy fur 1, spiny 3, MP-powered wands, sanguine armour 2
}: 5/15 runes: decaying, serpentine, barnacled, silver, gossamer
a: Potion Petition, Call Merchant, Bribe Branch, Renounce Religion, Evoke Blink


You were in the Dungeon.
You worshipped Gozag.
Gozag was most pleased with you.
You were completely stuffed.

You visited 1 branch You collected 35313 gold pieces.
You spent 6075 gold pieces at shops.
You paid 26574 gold pieces to Gozag.

Inventory:

Hand Weapons
 C - the +3 quarterstaff "Xarea" (weapon) {venom, +Blink rElec rC+}
   (You bought it in a shop in the Dungeon)

   It poisons the flesh of those it strikes.
   It protects you from cold.
   It insulates you from electricity.
   It lets you blink.
Armour
 f - the +3 chain mail "Nuagges" (worn) {rC+ rN+}
   (You bought it in a shop in the Dungeon)

   It protects you from cold.
   It protects you from negative energy.
 g - a +2 pair of boots of stealth (worn)
 p - a +2 pair of gloves of strength (worn)
 B - the scarf of the Comet (worn) {Str+3}
   (You bought it in a shop in the Dungeon)

   It affects your strength (+3).
Jewellery
 x - the ring of the Middle (left hand) {rPois rF+++ rC- EV+6 Int+4}
   (You bought it in a shop in the Dungeon)

   [ring of evasion]

   It affects your evasion (+6).
   It affects your intelligence (+4).
   It renders you almost immune to fire.
   It makes you vulnerable to cold.
   It protects you from poison.
 y - the ring "Melot" (right hand) {Fire MP+9 Str+10 Dex-2 SInv}
   (You bought it in a shop in the Dungeon)

   [ring of fire]

   It enhances your fire magic.
   It affects your strength (+10).
   It affects your dexterity (-2).
   It protects you from fire.
   It makes you vulnerable to cold.
   It affects your magic capacity (+9).
   It lets you see invisible.
 I - the amulet of Insomnia (around neck) {RegenMP rC+ MP+9 Str+6 Int+3}
   (You bought it in a shop in the Dungeon)

   [amulet of magic regeneration]

   It increases your magic regeneration.
   It affects your strength (+6).
   It affects your intelligence (+3).
   It protects you from cold.
   It affects your magic capacity (+9).
Scrolls
 j - a scroll of random uselessness {unknown}
 k - a scroll of magic mapping {unknown}
 l - 8 scrolls of remove curse
 m - 2 scrolls of amnesia
 o - 2 scrolls of enchant armour
 r - 6 scrolls of identify
 s - 4 scrolls of fog
 t - 4 scrolls of recharging
 w - 5 scrolls of blinking
 D - a scroll of fear
 G - 2 scrolls of enchant weapon
Potions
 b - a potion of ambrosia {unknown}
 c - 2 potions of heal wounds
 d - 4 potions of agility
 e - 8 potions of curing
 h - 4 potions of berserk rage
 i - 5 potions of magic
 n - a potion of brilliance
 z - 3 potions of degeneration {unknown}
 A - a potion of invisibility
 F - a potion of might
 H - 6 potions of haste
Comestibles
 a - 40 fruits
 q - a royal jelly
 u - 13 bread rations
 v - 7 meat rations


   Skills:
 O Level 27 Fighting
 + Level 26.8 Staves
 - Level 1.7 Throwing
 + Level 26.7 Armour
 + Level 26.9 Dodging


You had 17 spell levels left.
You didn't know any spells.

Dungeon Overview and Level Annotations

Branches:
Dungeon (1/1)

Altars:
Cheibriados
Dithmenos
Elyvilon
Fedhas
Gozag
Hepliaklqana
Kikubaaqudgha
Makhleb
Nemelex Xobeh
Okawaru
Qazlal
Ru
Sif Muna
Trog
Uskayaw
Vehumet
Wu Jian
Xom
Yredelemnul
Zin
The Shining One
Beogh
Jiyva
Lugonu

Shops:
D ((([=[![*==([?[:?([=


Innate Abilities, Weirdness & Mutations

You have a pair of large horns on your head.
Your flesh is heat resistant. (rF+)
You regenerate a little health from kills.
You are completely covered in sharp spines.
When seriously injured, your bleeding wounds create thick armour. (AC +9)
Your mind is acute. (Int +2)
Your system is resistant to poisons. (rPois)
You are covered in fur. (AC +1)
You expend magic power (3 MP) to strengthen your wands.


Message History

You feel as though you will be slow longer.
The curse toe gestures.
The green draconian stormcaller invokes the aid of Qazlal against you.
Qazlal smites you!
* * * LOW HITPOINT WARNING * * *
Unknown command.
Unknown command.
You hit the curse toe but do no damage.
The curse toe is almost destroyed.
The death cob is struck by your spines. The death cob completely misses you.
The death cob is struck by your spines.
The death cob hits you but does no damage.
The curse toe calls on the powers of darkness!
The green draconian stormcaller convulses!
You feel a surge of unholy energy.
The green draconian shifter convulses!
The green draconian monk convulses!
The purple draconian convulses!
The black draconian stormcaller convulses!
The death cob hits you!
You die...
Your body crumbles into a pile of gold.

[.........'))..))))))).())).'.([.
▓▓▓▓▓▓▓▓▓▓▓▓▓▓▓▓▓▓▓▓▓▓▓▓▓▓▓▓▓▓▓▓▓
.............................)...
▓▓▓▓▓▓▓▓▓▓▓▓▓▓▓▓▓▓▓▓▓▓▓▓▓▓▓▓▓▓▓▓▓
)...[[[[[[[......................
▓▓▓▓▓▓▓▓▓▓▓▓▓▓▓▓▓▓▓▓▓▓▓▓▓▓▓▓▓▓▓▓▓
.......................)....)....
▓▓▓▓▓▓▓▓▓▓▓▓▓▓▓▓▓▓▓▓▓▓▓▓▓▓▓▓▓▓▓▓▓
)).∩....')[[[fqz@zqzzqdq
▓▓▓▓▓▓▓▓▓▓▓▓▓▓▓▓▓▓▓▓▓▓▓▓


You could see a green draconian monk, a purple draconian, 2 curse toes, a green
draconian shifter, 2 death cobs, 2 draconians and a wandering mushroom.

Vanquished Creatures
  Mara (D)
  2 ancient liches (D)
  Sojobo (D)
  Boris (D)
  Margery (D)
  Frederick (D)
  Xtahua (D)
  Nikola (D)
  A golden dragon (D)
  Jory (D)
  A bone dragon (D)
  4 tentacled monstrosities (D)
  A sphinx (D)
  Frances (D)
  6 shadow dragons (D)
  3 tengu reavers (D)
  7 nagarajas (D)
  A storm dragon (D)
  Ilsuiw (D)
  3 fire giants (D)
  A draconian scorcher (D)
  An orc warlord (D)
  A frost giant (D)
  A vault warden (D)
  2 ghost moths (D)
  6 emperor scorpions (D)
  2 ironheart preservers (D)
  A draconian annihilator (D)
  A draconian stormcaller (D)
  A spriggan defender (D)
  7 stone giants (D)
  2 very ugly things (D)
  A black draconian (D)
  An entropy weaver (D)
  2 yellow draconians (D)
  5 green draconians (D)
  A red draconian (D)
  A purple draconian (D)
  3 merfolk javelineers (D)
  Snorg (D)
  2 fire dragons (D)
  4 merfolk impalers (D)
  3 yaktaur captains (D)
  4 great orbs of eyes (D)
  3 ice dragons (D)
  25 vault guards (D)
  6 hydras (D)
  A naga warrior (D)
  2 catoblepae (D)
  An anaconda (D)
  An alligator (D)
  A merfolk avatar (D)
  A centaur warrior (D)
  7 two-headed ogres (D)
  4 death yaks (D)
  4 merfolk aquamancers (D)
  Urug (D)
  A tengu warrior (D)
  3 deep troll shamans (D)
  7 ogre magi (D)
  2 deep troll earth magi (D)
  An orc high priest (D)
  Sonja (D)
  A naga sharpshooter (D)
  A shadow wraith (D)
  6 hell knights (D)
  A glowing orange brain (D)
  A spriggan druid (D)
  An unseen horror (D)
  A naga ritualist (D)
  8 swamp dragons (D)
  2 ironbrand convokers (D)
  A sea snake (D)
  A wizard (D)
  9 orc knights (D)
  2 shambling mangroves (D)
  5 wolf spiders (D)
  2 necromancers (D)
  A cyclops (D)
  A manticore (D)
  3 moths of wrath (D)
  2 merfolk sirens (D)
  5 vault sentinels (D)
  2 guardian serpents (D)
  3 black mambas (D)
  Maurice (D)
  2 spiny frogs (D)
  A gargoyle (D)
  2 naga magi (D)
  2 demonic crawlers (D)
  5 yaktaurs (D)
  A freezing wraith (D)
  A komodo dragon (D)
  A tengu conjurer (D)
  A troll (shapeshifter) (D)
  A queen bee (shapeshifter) (D)
  2 trolls (D)
  4 merfolk (D)
  2 jumping spiders (D)
  4 hornets (D)
  3 slime creatures (D)
  A wind drake (D)
  A bog body (D)
  A hippogriff (D)
  3 redbacks (D)
  A tarantella (D)
  Eustachio (D)
  A basilisk (D)
  A vampire (D)
  2 yaks (D)
  A hungry ghost (D)
  A vampire mosquito (D)
  5 nagas (D)
  An acid dragon (D)
  5 porcupines (D)
  2 water moccasins (D)
  11 orc warriors (D)
  7 ogres (D)
  4 crocodiles (D)
  2 big kobolds (D)
  3 bullfrogs (D)
  A howler monkey (D)
  A crimson imp (D)
  6 orc priests (D)
  2 orc wizards (D)
  A worker ant (D)
  An adder (D)
  An adder zombie (D)
  6 orcs (D)
  A bat skeleton (D)
  2 goblins (D)
  A kobold (D)
  A bat (D)
  A jackal skeleton (D)
  A leopard gecko skeleton (D)
  A rat (D)
338 creatures vanquished.

Vanquished Creatures (others)
  A moth of wrath (D)
1 creature vanquished.

Grand Total: 339 creatures vanquished

Notes
Turn   | Place    | Note
-------+----------+-------------------------------------------
     0 | D        | potatolord6000 the Demonspawn Gladiator began the quest for the Orb.
     0 | D        | Reached XP level 1. HP: 16/16 MP: 1/1
    15 | D        | Reached skill level 1 in Armour
   189 | D        | Noticed a crimson imp
   189 | D        | Noticed a howler monkey
   192 | D        | Killed a crimson imp
   192 | D        | Reached skill level 3 in Fighting
   192 | D        | Gained mutation: You have a pair of small horns on your head. [demonic ancestry]
   192 | D        | Reached XP level 2. HP: 24/24 MP: 2/2
   192 | D        | Gained mutation: You have a pair of horns on your head. [demonic ancestry]
   192 | D        | Reached XP level 3. HP: 29/29 MP: 3/3
   207 | D        | Reached skill level 4 in Fighting
   207 | D        | Gained mutation: You have a pair of large horns on your head. [demonic ancestry]
   207 | D        | Reached XP level 4. HP: 31/38 MP: 4/4
   213 | D        | Found a roughly hewn altar of Beogh.
   213 | D        | Found a snail-covered altar of Cheibriados.
   213 | D        | Found a shadowy altar of Dithmenos.
   213 | D        | Found a white marble altar of Elyvilon.
   213 | D        | Found a blossoming altar of Fedhas.
   213 | D        | Found an opulent altar of Gozag.
   214 | D        | Found a hazy altar of Hepliaklqana.
   215 | D        | Found a viscous altar of Jiyva.
   216 | D        | Found an ancient bone altar of Kikubaaqudgha.
   217 | D        | Found a corrupted altar of Lugonu.
   218 | D        | Found a burning altar of Makhleb.
   219 | D        | Found a sparkling altar of Nemelex Xobeh.
   220 | D        | Found an iron altar of Okawaru.
   221 | D        | Became a worshipper of Gozag Ym Sagoz the Greedy
   222 | D        | Found a stormy altar of Qazlal.
   223 | D        | Found a sacrificial altar of Ru.
   224 | D        | Found a deep blue altar of Sif Muna.
   225 | D        | Found a bloodstained altar of Trog.
   226 | D        | Found a hide-covered altar of Uskayaw.
   227 | D        | Found a radiant altar of Vehumet.
   228 | D        | Found an ornate altar of the Wu Jian Council.
   229 | D        | Found a shimmering altar of Xom.
   230 | D        | Found a basalt altar of Yredelemnul.
   231 | D        | Found a glowing silver altar of Zin.
   232 | D        | Found a glowing golden altar of the Shining One.
   281 | D        | Noticed an ogre
   281 | D        | Noticed a big kobold
   281 | D        | Noticed a troll
   281 | D        | Noticed an ogre
   283 | D        | Killed an ogre
   283 | D        | Reached skill level 5 in Fighting
   283 | D        | Reached skill level 5 in Staves
   283 | D        | Reached skill level 5 in Dodging
   283 | D        | Reached XP level 5. HP: 33/44 MP: 5/5
   297 | D        | Reached skill level 6 in Fighting
   297 | D        | Reached skill level 5 in Armour
   297 | D        | Gained mutation: You regenerate a little health from kills. [demonic ancestry]
   297 | D        | Reached XP level 6. HP: 40/53 MP: 6/6
   302 | D        | Killed a troll
   302 | D        | Reached skill level 7 in Fighting
   305 | D        | Gained mutation: You are partially covered in sharp spines. [demonic ancestry]
   305 | D        | Reached XP level 7. HP: 35/61 MP: 7/7
   390 | D        | Noticed a hungry ghost
   390 | D        | Noticed a gargoyle
   390 | D        | Noticed a two-headed ogre
   390 | D        | Noticed a troll
   398 | D        | Killed a hungry ghost
   398 | D        | Reached skill level 8 in Fighting
   410 | D        | Killed a gargoyle
   417 | D        | Reached skill level 9 in Fighting
   417 | D        | Reached XP level 8. HP: 70/71 MP: 8/8
   426 | D        | Killed a two-headed ogre
   426 | D        | Reached skill level 10 in Fighting
   435 | D        | Killed a troll
   451 | D        | Bought an encrusted chain mail for 247 gold pieces
   461 | D        | Identified the +3 chain mail "Nuagges" {rC+ rN+} (You bought it in a shop in the Dungeon)
   575 | D        | Gained mutation: You are somewhat resistant to further mutation. [potion of mutation]
   575 | D        | Gained mutation: Your muscles are strong. (Str +2) [potion of mutation]
   577 | D        | Noticed a komodo dragon
   577 | D        | Noticed a spiny frog
   581 | D        | Reached XP level 9. HP: 63/79 MP: 9/9
   587 | D        | Killed a komodo dragon
   587 | D        | Reached skill level 10 in Staves
   587 | D        | Reached skill level 10 in Dodging
   604 | D        | Killed a spiny frog
   604 | D        | Reached skill level 11 in Fighting
   604 | D        | Reached skill level 10 in Armour
   734 | D        | Bought a pair of runed gloves for 195 gold pieces
   849 | D        | Noticed a spiny frog
   849 | D        | Noticed a black mamba
   860 | D        | Killed a spiny frog
   867 | D        | Killed a black mamba
   867 | D        | Reached XP level 10. HP: 75/89 MP: 10/10
   881 | D        | Reached skill level 12 in Fighting
   917 | D        | Noticed a death yak
   917 | D        | Noticed a catoblepas
   917 | D        | Noticed a catoblepas
   917 | D        | Noticed a death yak
   917 | D        | Noticed a death yak
   929 | D        | Killed a death yak
   930 | D        | Noticed a death yak
   940 | D        | Killed a catoblepas
   953 | D        | HP: 3/90 [catoblepas (11)]
   959 | D        | Killed a catoblepas
   969 | D        | Killed a death yak
   969 | D        | Reached skill level 13 in Fighting
   977 | D        | Killed a death yak
   984 | D        | Killed a death yak
   984 | D        | Gained mutation: You are mostly covered in sharp spines. [demonic ancestry]
   984 | D        | Reached XP level 11. HP: 25/98 MP: 11/11
  1025 | D        | Bought a +2 pair of boots of stealth for 301 gold pieces
  1028 | D        | Bought a heavily runed cloak for 323 gold pieces
  1039 | D        | Identified the +1 cloak "Weoleiboo" {rElec} (You bought it in a shop in the Dungeon)
  1256 | D        | Noticed Maurice
  1267 | D        | Killed Maurice
  1380 | D        | Noticed an orc high priest
  1389 | D        | Noticed an orc knight
  1401 | D        | Killed an orc high priest
  1415 | D        | Killed an orc knight
  1415 | D        | Reached skill level 14 in Fighting
  1480 | D        | Found Loacuine's Weapon Emporium.
  1480 | D        | Noticed a two-headed ogre
  1480 | D        | Noticed a two-headed ogre
  1481 | D        | Noticed an ogre mage
  1490 | D        | Found Poib's Magic Scroll Shoppe.
  1493 | D        | Noticed a two-headed ogre
  1497 | D        | Killed a two-headed ogre
  1498 | D        | Noticed a two-headed ogre
  1504 | D        | Killed a two-headed ogre
  1505 | D        | Found Ysi Kutz's Book Emporium.
  1510 | D        | Killed an ogre mage
  1511 | D        | Noticed an ogre mage
  1516 | D        | Killed a two-headed ogre
  1517 | D        | Noticed an ogre mage
  1518 | D        | Killed a two-headed ogre
  1519 | D        | Found Hopputum's Magic Scroll Shoppe.
  1524 | D        | Killed an ogre mage
  1535 | D        | Killed an ogre mage
  1535 | D        | Reached skill level 15 in Fighting
  1535 | D        | Gained mutation: When seriously injured, your bleeding wounds create armour. (AC +9) [demonic ancestry]
  1535 | D        | Reached XP level 12. HP: 105/109 MP: 12/12
  1539 | D        | Noticed a two-headed ogre
  1547 | D        | Killed a two-headed ogre
  1617 | D        | Bought the ring of the Middle {rPois rF+++ rC- EV+6 Int+4} for 1407 gold pieces
  1617 | D        | Bought the ring "Melot" {Fire MP+9 Str+10 Dex-2 SInv} for 862 gold pieces
  1648 | D        | Noticed Sonja
  1662 | D        | Killed Sonja
  1684 | D        | Noticed Eustachio
  1688 | D        | Killed Eustachio
  1804 | D        | Lost mutation: Your muscles are strong. (Str +2) [potion of mutation]
  1804 | D        | Lost mutation: You are somewhat resistant to further mutation. [potion of mutation]
  1804 | D        | Gained mutation: Your magical capacity is low. (-10% MP) [potion of mutation]
  1804 | D        | Gained mutation: Your system is resistant to poisons. (rPois) [potion of mutation]
  1838 | D        | Noticed a two-headed ogre
  1848 | D        | Killed a two-headed ogre
  1850 | D        | Noticed a purple very ugly thing
  1853 | D        | Noticed a stone giant
  1855 | D        | Noticed a fire giant
  1866 | D        | Noticed a stone giant
  1870 | D        | Noticed a sphinx
  1876 | D        | Killed a purple very ugly thing
  1877 | D        | Noticed a deep troll shaman
  1883 | D        | Killed a stone giant
  1883 | D        | Reached skill level 15 in Dodging
  1891 | D        | Killed a fire giant
  1891 | D        | Reached skill level 16 in Fighting
  1891 | D        | Reached skill level 15 in Staves
  1902 | D        | Killed a stone giant
  1902 | D        | Reached skill level 15 in Armour
  1911 | D        | Killed a sphinx
  1918 | D        | Killed a deep troll shaman
  1968 | D        | Noticed Urug
  1980 | D        | Killed Urug
  2059 | D        | Noticed a merfolk impaler
  2071 | D        | Gained mutation: You are completely covered in sharp spines. [demonic ancestry]
  2071 | D        | Reached XP level 13. HP: 107/119 MP: 11/11
  2085 | D        | Killed a merfolk impaler
  2092 | D        | Reached skill level 17 in Fighting
  2213 | D        | Noticed a nagaraja
  2220 | D        | Killed a nagaraja
  2318 | D        | Reached skill level 18 in Fighting
  2581 | D        | Noticed a cyan very ugly thing
  2581 | D        | Noticed a stone giant
  2589 | D        | Killed a cyan very ugly thing
  2612 | D        | Killed a stone giant
  2620 | D        | Noticed a stone giant
  2647 | D        | Reached XP level 14. HP: 42/131 MP: 12/12
  2663 | D        | Noticed a stone giant
  2668 | D        | Killed a stone giant
  2679 | D        | Killed a stone giant
  2679 | D        | Reached skill level 19 in Fighting
  2724 | D        | Bought the scarf of the Comet {Str+3} for 274 gold pieces
  2727 | D        | Bought an ancient quarterstaff for 279 gold pieces
  2728 | D        | Identified the cursed +3 quarterstaff "Xarea" {venom, +Blink rElec rC+} (You bought it in a shop in the Dungeon)
  2938 | D        | Noticed a tengu reaver
  2956 | D        | Noticed a vault warden
  2961 | D        | Killed a tengu reaver
  2963 | D        | Noticed an orc warlord
  2998 | D        | Killed a vault warden
  3020 | D        | Killed an orc warlord
  3040 | D        | Reached skill level 20 in Fighting
  3379 | D        | Noticed Mara
  3383 | D        | Noticed potatolord6000's illusion
  3433 | D        | Noticed potatolord6000's illusion
  3448 | D        | Killed Mara
  3469 | D        | Noticed Margery
  3482 | D        | HP: 1/136 [Margery/halberd (14)]
  3495 | D        | Killed Margery
  3495 | D        | Reached XP level 15. HP: 28/143 MP: 13/13
  3534 | D        | Noticed Nikola
  3535 | D        | Noticed Xtahua
  3548 | D        | Killed Nikola
  3548 | D        | Reached skill level 21 in Fighting
  3561 | D        | Killed Xtahua
  4043 | D        | Noticed a tengu reaver
  4044 | D        | Noticed Sojobo
  4045 | D        | Noticed a tengu reaver
  4056 | D        | Killed a tengu reaver
  4090 | D        | Killed Sojobo
  4096 | D        | Killed a tengu reaver
  4355 | D        | Noticed Ilsuiw
  4381 | D        | Killed Ilsuiw
  4394 | D        | Reached skill level 22 in Fighting
  4449 | D        | Got a barnacled rune of Zot
  4599 | D        | Noticed a nagaraja
  4599 | D        | Noticed a nagaraja
  4599 | D        | Noticed a nagaraja
  4600 | D        | Noticed a nagaraja
  4607 | D        | Killed a nagaraja
  4615 | D        | Killed a nagaraja
  4616 | D        | Noticed a nagaraja
  4625 | D        | Killed a nagaraja
  4631 | D        | Noticed a nagaraja
  4633 | D        | Killed a nagaraja
  4637 | D        | Killed a nagaraja
  4659 | D        | Killed a nagaraja
  4672 | D        | Got a serpentine rune of Zot
  4698 | D        | Bought a potion of berserk rage for 70 gold pieces
  4698 | D        | Bought a potion of might for 56 gold pieces
  4698 | D        | Bought a potion of haste for 140 gold pieces
  4698 | D        | Bought 2 potions of berserk rage for 140 gold pieces
  4698 | D        | Bought a potion of agility for 56 gold pieces
  4931 | D        | Reached XP level 16. HP: 149/156 MP: 14/14
  4958 | D        | Reached skill level 23 in Fighting
  4987 | D        | Got a decaying rune of Zot
  5011 | D        | Bought the amulet of Insomnia {RegenMP rC+ MP+9 Str+6 Int+3} for 1145 gold pieces
  5138 | D        | Got a gossamer rune of Zot
  5212 | D        | Noticed Boris
  5224 | D        | Killed Boris
  5506 | D        | Reached skill level 24 in Fighting
  5719 | D        | Noticed an ancient lich
  5753 | D        | Killed an ancient lich
  5753 | D        | Reached skill level 25 in Fighting
  5753 | D        | Gained mutation: When seriously injured, your bleeding wounds create thick armour. (AC +9) [demonic ancestry]
  5753 | D        | Reached XP level 17. HP: 120/169 MP: 15/15
  6026 | D        | Noticed an ancient lich
  6026 | D        | Noticed a tentacled monstrosity
  6050 | D        | Killed an ancient lich
  6050 | D        | Reached skill level 26 in Fighting
  6056 | D        | Killed a tentacled monstrosity
  6115 | D        | Got a silver rune of Zot
  6141 | D        | Bought a shimmering lajatang for 580 gold pieces
  6141 | D        | Identified the +3 lajatang of Poupt {holy, +Inv rElec rPois Stlth+} (You bought it in a shop in the Dungeon)
  6312 | D        | Noticed Frederick
  6324 | D        | Killed Frederick
  6396 | D        | Got the amulet of Doors {RegenMP rElec}
  6398 | D        | Got the ring of Trepidation {rF- EV+3 Int+4 Dex+4}
  6400 | D        | Got the ring "Isioju" {rCorr +Inv Str-4 Dex+6 Slay+6}
  6402 | D        | Got the amulet of Wiple {+Rage rC+ Int+7 Dex+4}
  6404 | D        | Got the ring "Puimekuz" {MR+ Dex+5}
  6501 | D        | Lost mutation: Your magical capacity is low. (-10% MP) [potion of mutation]
  6501 | D        | Gained mutation: You expend magic power (3 MP) to strengthen your wands. [potion of mutation]
  6501 | D        | Gained mutation: You are covered in fur. (AC +1) [potion of mutation]
  6501 | D        | Gained mutation: Your mind is acute. (Int +2) [potion of mutation]
  6537 | D        | Noticed Frances
  6550 | D        | Killed Frances
  6552 | D        | Noticed Jory
  6565 | D        | Killed Jory
  6595 | D        | Noticed Snorg
  6603 | D        | Killed Snorg
  6696 | D        | Reached skill level 27 in Fighting
  6802 | D        | Noticed a bone dragon
  6821 | D        | Killed a bone dragon
  6860 | D        | Gained mutation: Your flesh is heat resistant. (rF+) [demonic ancestry]
  6860 | D        | Reached XP level 18. HP: 182/182 MP: 18/18
  6903 | D        | Noticed a tentacled monstrosity
  6903 | D        | Noticed a golden dragon
  6903 | D        | Noticed a tentacled monstrosity
  6917 | D        | Killed a tentacled monstrosity
  6930 | D        | Killed a golden dragon
  6940 | D        | Killed a tentacled monstrosity
  6978 | D        | Noticed a tentacled monstrosity
  6987 | D        | Killed a tentacled monstrosity
  7049 | D        | Upgraded the game from 0.20-a0-1124-g2e29d97 to 0.20-a0-1126-g0f15420
  7315 | D        | Noticed a curse toe
  7315 | D        | Noticed a curse toe
  7327 | D        | HP: 1/182 [green draconian stormcaller/divine providence (11)]
  7328 | D        | Demolished by a death cob

Vault maps used:
D:        linesprint

Skill      XL: |  1  2  3  4  5  6  7  8  9 10 11 12 13 14 15 16 17 18 |
---------------+-------------------------------------------------------+-----
Dodging        | 4 5 6 7 8 9 11 12 14 15 17 19 21 23 25 26 | 26.9
Armour         | 2 3 4 5 6 8 9 10 12 13 15 17 19 21 23 25 26 | 26.7
Fighting       | 3 4 5 6 7 9 10 11 13 15 16 18 20 22 25 27 | 27.0
Staves         | 3 4 5 6 7 8 9 11 12 14 15 17 19 21 23 25 26 | 26.8
Throwing       | |  1.7

Action                   |  1- 3 |  4- 6 |  7- 9 | 10-12 | 13-15 | 16-18 || total
-------------------------+-------+-------+-------+-------+-------+-------++-------
Melee: Quarterstaff      |    33 |    20 |    90 |   278 |   625 |   659 ||  1705
       Headbutt          |     3 |     4 |    18 |    93 |   214 |   260 ||   592
Invok: Call Merchant     |       |       |     1 |     5 |     6 |     4 ||    16
       Potion Petition   |       |       |       |       |     1 |       ||     1
  Use: Potion            |       |     1 |     2 |     4 |    10 |     6 ||    23
       Scroll            |       |       |       |       |     4 |     1 ||     5
 Stab: Distracted        |       |     1 |       |     4 |     5 |     7 ||    17
  Eat: Bread ration      |       |       |     1 |       |       |       ||     1
       Meat ration       |       |       |       |     2 |     2 |     2 ||     6
Armor: Leather armour    |    10 |       |       |       |       |       ||    10
       Ring mail         |       |     3 |     3 |       |       |       ||     6
       Chain mail        |       |       |     4 |    47 |   136 |   154 ||   341
Dodge: Dodged            |    26 |     6 |    37 |    96 |   368 |   485 ||  1018
